 Dungeon Crawl Stone Soup version 0.29.1-12-g30fa7ad0bf (webtiles) character file.

Game seed: 15867027745648554054

797 sweetbreads the Covert (level 7, -1/32 HPs)
             Began as a Spriggan Enchanter on Dec 28, 2022.
             Slain by a centaur (2 damage)
             ... on level 6 of the Dungeon on Dec 29, 2022.
             The game lasted 00:27:51 (5002 turns).

sweetbreads the Covert (Spriggan Enchanter)         Turns: 5002, Time: 00:27:51

Health: -1/32      AC:  4    Str:  4    XL:     7   Next: 58%
Magic:  8/12       EV: 17    Int: 18    God:
Gold:   180        SH:  0    Dex: 16    Spells: 3/12 levels left

rFire   . . .      SeeInvis +   a - +4 dagger
rCold   . . .      Faith    .   (no shield)
rNeg    . . .      Spirit   .   b - +0 robe
rPois   .          Reflect  .   (helmet restricted)
rElec   .          Harm     .   q - +1 cloak
rCorr   .          Rampage  .   (gloves unavailable)
Will    +....                   (boots unavailable)
Stlth   ++++......              (no amulet)
HPRegen 0.10/turn               (no ring)
MPRegen 0.13/turn               (no ring)

@: very quick
A: very small, no large weapons, unfitting armour, see invisible, speed 3
a: no special abilities


You were on level 6 of the Dungeon.
You visited 2 branches of the dungeon, and saw 7 of its levels.

You collected 180 gold pieces.

Inventory:

Hand Weapons
 a - a +4 dagger (weapon)
 e - a +1 dagger
 p - a +4 quarterstaff of chaos
 r - a +0 hammer of draining
 D - the +6 sling "Qaoliask" {freeze, rElec Will+ Int+7 Dex-5}
   (You found it on level 5 of the Dungeon)

   Any ammunition fired from it freezes those it strikes, dealing additional
   cold damage.
   It can also slow down cold-blooded creatures.
   Int:       It affects your intelligence (+7).
   Dex:       It affects your dexterity (-5).
   rElec:     It insulates you from electricity.
   Will:      It increases your willpower.
Missiles
 u - 4 boomerangs of dispersal (quivered)
Armour
 b - a +0 robe (worn)
 q - a +1 cloak (worn)
 v - the +2 cloak of the Gusle {rCorr Int+7 Dex-4}
   (You found it on level 2 of the Dungeon)

   Int:       It affects your intelligence (+7).
   Dex:       It affects your dexterity (-4).
   rCorr:     It protects you from acid and corrosion.
 y - a +1 cloak
Jewellery
 k - a ring of ice
Wands
 g - a wand of polymorph (7)
 l - a wand of iceblast (8)
Scrolls
 d - 4 scrolls of identify
 f - 3 scrolls of immolation
 i - 2 scrolls of vulnerability
 j - a scroll of butterflies
Potions
 c - 2 potions of invisibility
 h - a potion of curing {unknown}
 m - 2 potions of haste
 n - a potion of ambrosia {unknown}
 o - 3 potions of flight
 s - 2 potions of might
 w - a potion of experience {unknown}
 x - 2 potions of cancellation
 z - a potion of resistance {unknown}
 A - 2 potions of heal wounds
 C - a potion of brilliance {unknown}


   Skills:
 - Level 6.0 Short Blades
 - Level 3.0 Dodging
 - Level 8.0 Stealth
 - Level 3.0 Spellcasting
 * Level 6.3 Hexes
 + Level 1.6 Transmutations
 + Level 1.0 Poison Magic


You had 3 spell levels left.
You knew the following spells:

 Your Spells              Type           Power      Damage    Failure   Level
a - Ensorcelled Hibernat  Hex/Ice        28%        N/A       7%          2
b - Confusing Touch       Hex            25%        N/A       3%          3
c - Tukima's Dance        Hex            25%        N/A       3%          3
z - Sting                 Tmut/Pois      28%        1d4       10%         1

Your spell library contained the following spells:

 Spells                   Type           Power      Damage    Failure   Level
 Beastly Appendage        Tmut           16%        N/A       9%          1
 Wereblood                Tmut           8%         N/A       13%         2
 Dazzling Flash           Conj/Hex       28%        N/A       14%         3
 Poisonous Vapours        Pois/Air       8%         N/A       21%         2
 Blink                    Tloc           4%         N/A       24%         2
 Spider Form              Tmut/Pois      7%         N/A       28%         3
 Olgreb's Toxic Radiance  Pois           6%         N/A       71%         4
 Silence                  Hex/Air        7%         N/A       77%         5
 Iskenderun's Mystic Bla  Conj/Tloc      2%         2d3       85%         4
 Summon Lightning Spire   Summ/Air       2%         N/A       85%         4
 Agony                    Necr           2%         N/A       99%         5
 Manifold Assault         Tloc           2%         N/A       99%         5
 Starburst                Conj/Fire      1%         6d3       100%        6
 Storm Form               Tmut/Air       2%         N/A       100%        7
 Maxwell's Capacitive Co  Air            1%         ∞         100%        8


Dungeon Overview and Level Annotations

Branches:
Dungeon (6/15)             Temple (1/1) D:4

Altars:
Cheibriados
Elyvilon
Fedhas
Gozag
Hepliaklqana
Nemelex Xobeh
Sif Muna
Wu Jian
Yredelemnul
Zin
The Shining One

Shops:
D:5 (


Innate Abilities, Weirdness & Mutations

You are very small and have problems with some larger weapons.
You are too small for most types of armour.
You have supernaturally acute eyesight. (SInv)
You cover ground extremely quickly. (Speed+++)


Message History

The gnoll closely misses you. The gnoll completely misses you.
The gnoll hits you from afar with a +0 halberd!
You climb downwards.
Found a plate armour, a scroll of blinking, 22 gold pieces and a wooden wand.
Found an escape hatch in the floor.
Found a stone staircase leading down.
There is a stone staircase leading up here.
Found 7 gold pieces.
Found 5 gold pieces.
g - a wand of polymorph (7)
A white imp comes into view.
The white imp shouts!
You hear a shout!
A centaur comes into view.
The white imp hits you but does no damage.
You hit the white imp.
The white imp is moderately wounded.
You hit the white imp.
The white imp is moderately wounded.
The white imp closely misses you. The centaur hits you.
* * * LOW HITPOINT WARNING * * *
The centaur closely misses you.
You hit the white imp.
The white imp is severely wounded.
The centaur closely misses you. The centaur misses you. The white imp hits you.
* * * LOW HITPOINT WARNING * * *
The white imp freezes you.
* * * LOW HITPOINT WARNING * * *
You hit the white imp.
The white imp is almost dead.
The centaur completely misses you.
The centaur kicks you but does no damage.
The white imp gestures at you. The puff of frost misses you.
You hit the white imp.
The white imp is almost dead.
The centaur hits you but does no damage.
The centaur misses you.
You hit the white imp.
You kill the white imp!
The centaur hits you.
You die...

.............####
...........#............
..........###...........
......<........$........
......................##
..........[............#
.....>....#.............
..........##.....c..##..
...#..?.........@.$.....
..##.........#####...#..
.............# .##
#............# ..
##.......#..... ..
#.##....###.#... ..
....#.... ##.#... .
..##.. . .. .. . .


You could see a centaur.

Vanquished Creatures
  2 ogres (D:5)
  A phantom (D:3)
  A scorpion (D:5)
  2 hounds (D:5)
  2 jellies
  Crazy Yiuf (D:2)
  Jessica (D:3)
  4 iguanas
  2 orc wizards (D:5)
  Robin (D:2)
  5 adders
  2 white imps
  2 worms (D:3)
  8 dart slugs
  2 orcs
  9 bats
  4 endoplasms
  A giant cockroach (D:1)
  14 goblins
  11 hobgoblins
  2 quokkas
  8 ball pythons
  3 frilled lizards
  5 kobolds
  6 rats
99 creatures vanquished.

Vanquished Creatures (others)
  A demonic plant (D:2)
  A fungus (D:2)
  A plant (D:2)
  A withered plant (D:2)
4 creatures vanquished.

Grand Total: 103 creatures vanquished

Notes
Turn   | Place    | Note
-------+----------+-------------------------------------------
     0 | D:1      | sweetbreads the Spriggan Enchanter began the quest for the
                  | Orb.
     0 | D:1      | Reached XP level 1. HP: 9/9 MP: 5/5
   293 | D:1      | Reached XP level 2. HP: 13/13 MP: 7/7
   298 | D:1      | Learned a level 2 spell: Ensorcelled Hibernation
   637 | D:2      | Found a faded altar of an unknown god.
   750 | D:1      | Learned a level 1 spell: Sting
   885 | D:1      | Reached skill level 5 in Stealth
   885 | D:1      | Reached XP level 3. HP: 16/16 MP: 8/8
  1422 | D:2      | Noticed Robin
  1554 | D:2      | Found a runed translucent door.
  1555 | D:2      | Noticed Crazy Yiuf
  1589 | D:2      | Killed Crazy Yiuf
  1590 | D:2      | Reached XP level 4. HP: 21/21 MP: 4/9
  1683 | D:2      | Learned a level 3 spell: Confusing Touch
  1687 | D:2      | Learned a level 3 spell: Tukima's Dance
  1856 | D:3      | Noticed a phantom
  2125 | D:2      | Identified the +2 cloak of the Gusle {rCorr Int+7 Dex-4}
  2470 | D:2      | Killed Robin
  2684 | D:3      | Reached skill level 1 in Transmutations
  2747 | D:3      | Reached skill level 6 in Stealth
  2920 | D:4      | Reached XP level 5. HP: 24/24 MP: 7/10
  3171 | D:3      | Killed a phantom
  3356 | D:3      | Noticed Jessica
  3363 | D:3      | Killed Jessica
  3364 | D:3      | Reached XP level 6. HP: 28/28 MP: 11/11
  3415 | D:3      | Found a blossoming altar of Fedhas.
  3512 | D:3      | You fall into a shaft and drop 1 floor!
  3692 | D:4      | Reached skill level 1 in Poison Magic
  3855 | D:4      | Found a staircase to the Ecumenical Temple.
  3875 | Temple   | Entered the Ecumenical Temple
  4023 | D:5      | Entered Level 5 of the Dungeon
  4030 | D:5      | Reached skill level 5 in Short Blades
  4044 | D:5      | Reached skill level 7 in Stealth
  4100 | D:5      | Identified the +6 sling "Qaoliask" {freeze, rElec Will+
                  | Int+7 Dex-5}
  4174 | D:5      | Reached XP level 7. HP: 9/32 MP: 3/12
  4280 | D:5      | Reached skill level 5 in Hexes
  4756 | D:5      | Found a glowing golden altar of the Shining One.
  4769 | D:5      | Reached skill level 8 in Stealth
  4823 | D:5      | Found Boowide's Antique Weapon Emporium.
  4951 | D:5      | Found a sparkling altar of Nemelex Xobeh.
  4999 | D:6      | HP: 1/32 [white imp (5)]
  5002 | D:6      | Slain by a centaur

Illustrated notes

Levels and vault maps discovered:
D:1:      reono_arrival_mine, layout_loops_ring
D:2:      layout_basic, shapermc_ecumenical_altar_gd, uniq_robin,
          uniq_crazy_yiuf_cottage
D:3:      layout_rooms, lemuel_round_altar, feat_on_display, uniq_jessica
D:4:      layout_basic, minmay_temple_entry_grid, gammafunk_ghost_nasty_kobolds,
          uniq_eustachio
D:5:      layout_cave_pools, amcnicky_altar_gilded, nemelex_dance_club_becter,
          portal_sewer_entry_e, serial_shops, shop, minmay_misc_feat_enclosed,
          cheibrodos_gnoll_hut
D:6:      layout_cave_pools, mainiacjoe_overflow_concentric_impassable,
          uniq_blork_the_orc
Temple:   hellmonk_temple_beads

Skill      XL: |  1  2  3  4  5  6  7 |
---------------+----------------------+-----
Spellcasting   | 3 |  3.0
Hexes          | 4 6 |  6.3
Short Blades   | 2 3 4 5 6 |  6.0
Stealth        | 5 6 7 8 |  8.0
Dodging        | 3 |  3.0
Transmutations | 1 |  1.6
Poison Magic   | 1 |  1.0

Action                   |  1- 3 |  4- 6 |  7- 9 || total
-------------------------+-------+-------+-------++-------
Melee: Dagger            |    73 |   109 |    31 ||   213
 Cast: Sting             |    20 |     6 |       ||    26
       Ensorcelled Hiber |     1 |    15 |    16 ||    32
       Tukima's Dance    |       |     1 |       ||     1
  Use: Scroll            |       |     9 |     5 ||    14
 Stab: Sleeping          |    15 |    17 |     7 ||    39
       Distracted        |       |     1 |     1 ||     2
Armor: Robe              |     3 |    12 |     7 ||    22
Dodge: Dodged            |    31 |    57 |    35 ||   123
